 Dungeon Crawl Stone Soup version bcrawl-1.13.5 (webtiles) character file.

Game seed: 9933580536093865639

3986 Dawq the Cleaver (level 10, 0/90 HPs)
             Began as a Minotaur Berserker on Aug 26, 2019.
             Was an Elder of Trog.
             Slain by a catoblepas (12 damage)
             ... while petrified by you
             ... on level 7 of the Dungeon.
             The game lasted 00:23:36 (7264 turns).

Dawq the Cleaver (Minotaur Berserker)               Turns: 7264, Time: 00:23:37

Health: 0/90       AC:  9    Str: 25    XL:     10   Next: 3%
Magic:  18/18      EV:  2    Int:  9    God:    Trog [****..]
Gold:   355        SH:  0    Dex: 10    Spells: 9/9 levels left

rFire    . . .     SeeInvis .   w - +2 broad axe (flame)
rCold    . . .     Gourm    .   (no shield)
rNeg     + + +     Faith    .   a - +1 ring mail {MR+}
rPois    ∞         Spirit   .   (helmet restricted)
rElec    .         Reflect  .   l - +0 cloak
rCorr    .         Harm     .   (no gloves)
MR       +++..                  (no boots)
Stlth    +.........             D - amulet of magic regeneration
HPRegen  1.25/turn              e - ring of magical power
MPRegen  0.41/turn              C - +5 ring of intelligence

@: petrified, starving, regenerating
A: retaliatory headbutt, horns 2
a: Berserk, Trog's Hand, Brothers in Arms, Renounce Religion


You were on level 7 of the Dungeon.
You worshipped Trog.
Trog was greatly pleased with you.
You were starving.

You visited 1 branch of the dungeon, and saw 7 of its levels.
You also visited: Ossuary.

You collected 645 gold pieces.
You spent 290 gold pieces at shops.

Inventory:

Hand Weapons
 w - a +2 broad axe of flaming (weapon)
Armour
 a - a +1 ring mail of magic resistance (worn)
 l - a +0 cloak (worn)
Jewellery
 e - a ring of magical power (left hand)
 v - a +4 ring of dexterity
 y - an uncursed ring of resist corrosion
 C - a +5 ring of intelligence (right hand)
 D - an amulet of magic regeneration (around neck)
Scrolls
 d - 16 scrolls of identify
 f - 3 scrolls of amnesia
 g - 4 scrolls of enchant armour {unknown}
 h - a scroll of enchant weapon
 j - 4 scrolls of remove curse
 m - 2 scrolls of fog {unknown}
 s - 2 scrolls of magic mapping
 t - a scroll of fear
 u - 3 scrolls of teleportation {unknown}
 G - a scroll of immolation {unknown}
Potions
 b - a potion of ambrosia {unknown}
 i - a potion of degeneration {unknown}
 k - 7 potions of curing {unknown}
 n - a potion of experience {unknown}
 o - 2 potions of heal wounds {unknown}
 p - 2 potions of flight {unknown}
 q - 2 potions of lignification {unknown}
 r - 2 potions of might {unknown}
 x - a potion of brilliance {unknown}
 z - a potion of cancellation {unknown}
 A - a potion of mutation {unknown}
 B - 2 potions of agility {unknown}
 E - a potion of invisibility {unknown}
Comestibles
 c - 4 rations {!d}


   Skills:
 + Level 8.6 Fighting
 + Level 12.1 Axes
 + Level 8.1 Armour
 + Level 5.6 Dodging
 + Level 1.6 Stealth


You had 9 spell levels left.
You didn't know any spells.
Your spell library was empty.

Dungeon Overview and Level Annotations

Branches:
Dungeon (7/12)             Temple (0/1) D:6
   Lair: D:7-9

Altars:
Cheibriados
Fedhas
Trog
Uskayaw
Xom
Zin

Shops:
D:4 *   D:7 *


Innate Abilities, Weirdness & Mutations

You reflexively headbutt those who attack you in melee.
You have a pair of horns on your head.


Message History

The catoblepas gores you but does no damage.
The acid dragon bites you. The acid dragon barely misses you.
You are engulfed in calcifying dust.
The shadow imp hits you but does no damage.
The catoblepas gores you but does no damage.
The acid dragon barely misses you.
The acid dragon claws you but does no damage.
You are engulfed in calcifying dust.
The shadow imp hits you but does no damage.
The catoblepas breathes a plume of calcifying dust at you.
The blast of calcifying dust hits you! The acid dragon barely misses you.
The acid dragon completely misses you.
You are engulfed in calcifying dust.
The shadow imp hits you. The acid dragon spits acid at you.
The splash of acid hits you!
* * * LOW HITPOINT WARNING * * *
You are splashed with acid!
* * * LOW HITPOINT WARNING * * *
The catoblepas gores you!!
You die...

#.........####...####
####'##..## ##...#
#8.8#.## ###.#
#8.8##### #.#
#8.8#.#.# #.#
+...'..## #.#
##8##...# #.#
#########'## #.#
#...@...#..# #.#
#.⌠YD5⌠.#..# ..#
#...T⌠..#..#
+...⌠.).'.##
#..⌠....### #.⌠...⌠.#
#.......# ####)####
#.#


You could see a catoblepas, a troll, an acid dragon shaped shifter and a shadow
imp.

Vanquished Creatures
  Pikel (D:7)
  Eustachio (D:4)
  Menkaure (D:6)
  An ice beast (D:5)
  A sky beast (D:6)
  4 ogres
  A phantom (D:4)
  2 centaurs
  A big kobold (D:5)
  A bullfrog (D:7)
  4 killer bees (D:7)
  5 wights (D:7)
  3 crimson imps
  A bullfrog zombie (D:7)
  6 orc priests
  A centaur zombie (D:5)
  3 hounds (D:7)
  A jelly (D:7)
  4 orc wizards
  A bullfrog skeleton (D:7)
  2 iguanas (D:4)
  Natasha (thrice) (D:4)
  5 worker ants
  2 hound skeletons
  A hound zombie (D:5)
  8 mummies (Ossuary)
  A howler monkey zombie (D:7)
  A howler monkey skeleton (D:4)
  4 gnolls (D:4)
  4 adders
  A shadow imp (D:6)
  4 oozes
  An adder zombie (D:6)
  4 worms
  4 dart slugs
  2 leopard geckos (D:2)
  37 orcs
  7 giant cockroaches
  2 gnoll zombies (Ossuary)
  4 goblins
  12 hobgoblins
  4 jackals (D:1)
  6 quokkas
  6 bats
  2 frilled lizards
  A goblin zombie (D:6)
  2 hobgoblin zombies (Ossuary)
  15 kobolds
  3 kobold zombies (Ossuary)
  An orc zombie (Ossuary)
  9 rats
  A rat zombie (D:6)
  A plant (D:3)
203 creatures vanquished.

Vanquished Creatures (collateral kills)
  A kobold demonologist (D:7)
  A vampire mosquito (D:7)
2 creatures vanquished.

Vanquished Creatures (others)
  A centaur warrior (D:7)
1 creature vanquished.

Grand Total: 206 creatures vanquished

Notes
Turn   | Place    | Note
-------+----------+-------------------------------------------
     0 | D:1      | Dawq the Minotaur Berserker began the quest for the Orb.
     0 | D:1      | Reached XP level 1. HP: 19/19 MP: 0/0
   111 | D:1      | Reached skill level 4 in Axes
   111 | D:1      | Reached XP level 2. HP: 19/27 MP: 1/1
   738 | D:2      | Reached ** piety under Trog
   738 | D:2      | Reached XP level 3. HP: 17/33 MP: 2/2
  1411 | D:2      | Reached XP level 4. HP: 41/41 MP: 3/3
  1533 | D:2      | Reached skill level 5 in Axes
  1744 | D:3      | Reached *** piety under Trog
  1813 | D:3      | Reached XP level 5. HP: 32/47 MP: 4/4
  2025 | D:3      | Noticed a +0 hand axe
  2026 | D:3      | Noticed a +0 dagger
  2029 | D:3      | Found a hide-covered altar of Uskayaw.
  2357 | D:3      | Reached skill level 5 in Fighting
  2359 | D:3      | Reached skill level 6 in Axes
  2359 | D:3      | Reached XP level 6. HP: 49/56 MP: 5/5
  2684 | D:4      | Reached skill level 7 in Axes
  2967 | D:4      | Reached XP level 7. HP: 58/61 MP: 6/6
  2978 | D:4      | Reached **** piety under Trog
  3004 | D:4      | Found Yliode's Assorted Antiques.
  3062 | D:4      | Noticed Eustachio
  3062 | D:4      | Noticed Natasha
  3068 | D:4      | Killed Natasha
  3082 | D:4      | Killed Eustachio
  3082 | D:4      | Reached skill level 5 in Armour
  3183 | D:4      | Reached skill level 8 in Axes
  3389 | D:4      | Noticed Natasha
  3397 | D:4      | Killed Natasha
  3409 | D:4      | Noticed Natasha
  3416 | D:4      | Killed Natasha
  3747 | D:4      | Found a snail-covered altar of Cheibriados.
  3798 | D:5      | Entered Level 5 of the Dungeon
  3835 | D:5      | Reached XP level 8. HP: 17/70 MP: 7/7
  4338 | D:5      | Reached skill level 9 in Axes
  4497 | D:5      | Noticed a moth of wrath
  4500 | D:5      | Found a bloodstained altar of Trog.
  4603 | D:5      | Found a glowing silver altar of Zin.
  4687 | D:5      | Found a blossoming altar of Fedhas.
  5141 | D:6      | Reached ***** piety under Trog
  5141 | D:6      | Received a gift from Trog
  5365 | D:6      | Noticed Menkaure
  5371 | D:6      | Killed Menkaure
  5553 | D:6      | Found a staircase to the Ecumenical Temple.
  5567 | D:6      | Found a sand-covered staircase.
  5576 | Ossuary  | Entered an ossuary
  5613 | Ossuary  | Reached skill level 10 in Axes
  6026 | D:6      | Reached XP level 9. HP: 60/79 MP: 8/8
  6450 | D:7      | Found a shimmering altar of Xom.
  6450 | D:7      | Noticed Pikel
  6454 | D:7      | Killed Pikel
  6454 | D:7      | Reached skill level 1 in Stealth
  6504 | D:7      | Reached skill level 5 in Dodging
  6687 | D:7      | Found Fihah's Assorted Antiques.
  6691 | D:7      | Bought a diamond ring for 145 gold pieces
  6691 | D:7      | Bought a glowing peridot amulet for 145 gold pieces
  6706 | D:7      | Reached skill level 11 in Axes
  7204 | D:7      | Noticed a catoblepas
  7204 | D:7      | Noticed a troll
  7205 | D:7      | Noticed a kobold demonologist
  7206 | D:7      | Noticed a centaur warrior
  7237 | D:7      | Killed a kobold demonologist
  7249 | D:7      | Killed a centaur warrior
  7249 | D:7      | Reached skill level 12 in Axes
  7249 | D:7      | Reached XP level 10. HP: 42/90 MP: 9/9
  7264 | D:7      | Slain by a catoblepas

Skill      XL: |  1  2  3  4  5  6  7  8  9 |
---------------+----------------------------+-----
Axes           | 4 5 6 7 8 10 12 | 12.1
Fighting       | 4 5 6 7 8 |  8.6
Armour         | 3 4 5 6 8 |  8.1
Dodging        | 3 4 5 |  5.6
Stealth        | 1 |  1.6

Action                   |  1- 3 |  4- 6 |  7- 9 | 10-12 || total
-------------------------+-------+-------+-------+-------++-------
Melee: Hand axe          |    94 |   104 |   155 |       ||   353
       Headbutt          |    18 |    26 |    64 |       ||   108
       Broad axe         |       |       |   117 |       ||   117
Invok: Berserk           |     1 |     3 |     7 |       ||    11
       Brothers in Arms  |       |       |     2 |       ||     2
       Trog's Hand       |       |       |       |     1 ||     1
  Use: Scroll            |       |     6 |       |       ||     6
 Stab: Petrified         |       |       |     3 |       ||     3
       Petrifying        |       |       |     1 |       ||     1
  Eat: Ration            |     1 |     1 |     2 |       ||     4
       Chunk             |       |     5 |    11 |       ||    16
Armor: Animal skin       |     6 |       |       |       ||     6
       Ring mail         |    29 |    23 |    91 |    13 ||   156
Dodge: Dodged            |    50 |    48 |   179 |     5 ||   282
